 Dungeon Crawl Stone Soup version 0.28.0-53-g5a82cb258f (webtiles) character file.

Game seed: 7059955812645698384

32 Descartes the Scratcher (level 3, -1/16 HPs)
             Began as a Felid Wanderer on Aug 19, 2022.
             Frozen to death by an endoplasm (5 damage)
             ... on level 1 of the Dungeon on Aug 20, 2022.
             The game lasted 00:02:10 (552 turns).

Descartes the Scratcher (Felid Wanderer)             Turns: 552, Time: 00:02:10

Health: -1/16      AC:  1    Str: 12    XL:     3   Next: 10%
Magic:  5/5        EV: 18    Int: 10    God:
Gold:   39         SH:  0    Dex: 16    Spells: 4/4 levels left
                                        Lives:  0   Deaths: 0

rFire   . . .      SeeInvis +     - Unarmed
rCold   . . .      Faith    .   (shield unavailable)
rNeg    . . .      Spirit   .   (armour unavailable)
rPois   .          Reflect  .   (helmet unavailable)
rElec   .          Harm     .   (cloak unavailable)
rCorr   .          Rampage  .   (gloves unavailable)
Will    .....                   (boots unavailable)
Stlth   ++........              (no amulet)
HPRegen 0.05/turn               (no ring)
MPRegen 0.09/turn               (no ring)

@: on berserk cooldown, slowed, slow
A: very small, claws 1, fangs 3, see invisible, speed 1, shaggy fur 1, stealthy
paws, no weapons or thrown items, no armour, multi-lived
a: no special abilities


You were on level 1 of the Dungeon.
You visited 1 branch of the dungeon, and saw 1 of its levels.

You collected 39 gold pieces.

Inventory:

Scrolls
 e - a scroll of vulnerability {unknown}
 f - a scroll of brand weapon {unknown}
Potions
 c - a potion of attraction
 d - a potion of degeneration {unknown}


   Skills:
 - Level 2.0 Fighting
 + Level 3.5 Dodging
 + Level 2.2 Stealth
 + Level 4.3 Unarmed Combat
 - Level 1.0 Spellcasting
 - Level 1.1 Evocations


You had 4 spell levels left.
You didn't know any spells.
Your spell library was empty.

Dungeon Overview and Level Annotations

Branches:
Dungeon (1/15)

Altars:


Innate Abilities, Weirdness & Mutations

You have sharp claws.
You have razor-sharp teeth.
You have supernaturally acute eyesight. (SInv)
You cover ground quickly. (Speed+)
You are covered in fur. (AC +1)
Your paws help you pounce on unaware monsters.
You are incapable of wielding weapons or throwing items.
You cannot wear armour.
You gain extra lives every three experience levels.


Message History

You claw the frilled lizard!
You kill the frilled lizard!
The frilled lizard misses you.
You claw the frilled lizard!
You kill the frilled lizard!
The bat misses you.
Your Stealth skill increases to level 2!
You barely miss the bat. Your claw misses the bat. The bat misses you.
The bat hits you but does no damage.
You see here a frilled lizard corpse.
You scratch the bat.
You kill the bat!
You closely miss the gnoll. You claw the gnoll!
The gnoll is severely wounded.
You claw the gnoll!
You kill the gnoll!
You have reached level 3!
Your experience leads to an increase in your attributes!
Increase (S)trength, (I)ntelligence, or (D)exterity?
You feel stronger. x2
Calm down first, please.
Things that are here:
a +0 spear; a gnoll corpse You feel a strong urge to attack something.
You now have 39 gold pieces (gained 12).
You are no longer berserk.
You are exhausted.
You feel yourself slow down.
Things that are here:
a +0 spear; a gnoll corpse You see here a frilled lizard corpse.
Things that are here:
a frilled lizard corpse; a hobgoblin corpse An endoplasm comes into view.
You flicker for a moment.
The endoplasm quivers.
You flicker back into view.
The endoplasm freezes you.
You are frozen.
You die...

..#### #.#. #..#..#..#.......#
.....##.... ..................
.#...#... . ..#.....#..#..#[.
.....#.# ....#.....#..#..#.#
#......# #.....<..#.....#.#
#.>....# ##################
..†....############### ###
..[....+.............####### #..
.......##.......@..........# #..
.......##.......J.........)# #..
..............†...........†####..
.#.####.....###...........†......
... #......# #..................
.................................
...............).................
...............................#
...............#######..######.#


You could see an endoplasm.

Vanquished Creatures
  A gnoll (D:1)
  2 ball pythons (D:1)
  2 endoplasms (D:1)
  A giant cockroach (D:1)
  3 hobgoblins (D:1)
  4 jackals (D:1)
  A quokka (D:1)
  4 bats (D:1)
  2 frilled lizards (D:1)
20 creatures vanquished.

Notes
Turn   | Place    | Note
-------+----------+-------------------------------------------
     0 | D:1      | Descartes the Felid Wanderer began the quest for the Orb.
     0 | D:1      | Descartes set off with the following items: a potion of
                  | berserk rage, a potion of invisibility, a potion of
                  | attraction
     0 | D:1      | Reached XP level 1. HP: 9/9 MP: 3/3
    36 | D:1      | Reached skill level 1 in Stealth
    44 | D:1      | Reached XP level 2. HP: 4/13 MP: 4/4
   529 | D:1      | Reached XP level 3. HP: 4/16 MP: 5/5
   552 | D:1      | Frozen to death by an endoplasm

Illustrated notes

Levels and vault maps discovered:
D:1:      dpeg_arrival_ternary, layout_basic, item_on_display_a

Skill      XL: |  1  2 |
---------------+-------+-----
Stealth        | 1 2 |  2.2
Dodging        | 3 |  3.5
Fighting       | |  2.0
Unarmed Combat | |  4.3
Spellcasting   | |  1.0
Evocations     | |  1.1

Action                   || total
-------------------------++-------
Melee: Unarmed           ||    54
       Bite              ||     2
       Punch             ||     2
  Use: Potion            ||     2
Armor: Skin              ||     9
Dodge: Dodged            ||    67
